 Dungeon Crawl Stone Soup version 0.13.0-29-gdb529de (webtiles) character file.

575 LostMyPasswordAgain the Reanimator (level 6, -3/49 HPs)
             Began as a Deep Dwarf Necromancer on Nov 9, 2013.
             Was an Initiate of Makhleb.
             Killed by nerve-wracking pain
             ... invoked by an orc priest
              (5 damage)
             ... on Level 4 of the Dungeon.
             The game lasted 00:31:01 (4679 turns).

LostMyPasswordAgain the Reanimator (DDNe)           Turns: 4679, Time: 00:31:01

HP  -3/49        AC  2     Str 11      XL: 6   Next: 60%
MP   1/9         EV 12     Int 18      God: Makhleb [......]
Gold 160         SH  0     Dex 13      Spells:  4 memorised,  0 levels left

Res.Fire  : . . .   See Invis. : .   x - +1 hand axe (freeze)
Res.Cold  : . . .   Warding    : .   a - +0 robe
Life Prot.: . . .   Conserve   : .   (no shield)
Res.Poison: .       Res.Corr.  : .   (no helmet)
Res.Elec. : .       Clarity    : .   (no cloak)
Sust.Abil.: . .     Spirit.Shd : .   (no gloves)
Res.Mut.  : .       Stasis     : .   (no boots)
Res.Rott. : .       Flight     : .   (no amulet)
Saprovore : . . .                    (no ring)
                                     (no ring)

@: non-regenerating, somewhat resistant to hostile enchantments, fairly stealthy
A: damage resistance, recharge devices, sense surroundings 1, slow healing 3
a: Device Recharging, Renounce Religion


You were on level 4 of the Dungeon.
You worshipped Makhleb.
Makhleb was noncommittal.
You were very hungry.

You visited 2 branches of the dungeon, and saw 5 of its levels.

You collected 140 gold pieces.

Inventory:

Hand weapons
 k - a +1,+0 dwarven mace
 x - a +1,+1 hand axe of freezing (weapon)
Armour
 a - a +0 robe (worn)
Magical devices
 c - a wand of heal wounds (5)
 h - a wand of digging (7) {unknown}
 r - a wand of paralysis (15)
 u - a wand of confusion (10) {unknown}
Comestibles
 d - 3 bread rations
 v - 2 pears
 D - 2 apples
Scrolls
 e - 3 scrolls of remove curse {unknown}
 f - a scroll of curse armour {unknown}
 g - 4 scrolls of identify {unknown}
 l - a scroll of fear {unknown}
 m - a scroll of curse jewellery {unknown}
 p - 2 scrolls of teleportation {unknown}
 s - a scroll of curse weapon {unknown}
 t - a scroll of magic mapping {unknown}
 w - 2 scrolls of noise {unknown}
 y - a scroll of enchant weapon I {unknown}
 z - a scroll of amnesia {unknown}
Jewellery
 n - a cursed ring of hunger {unknown}
 q - an uncursed ring of fire {unknown}
Potions
 i - 2 potions of heal wounds {unknown}
 j - 3 potions of resistance {unknown}
 o - a potion of agility {unknown}
 A - a potion of brilliance {unknown}
 B - a potion of curing {unknown}
Books
 b - a book of Necromancy

   Spells                             Type                      Level
   *Pain                              Necromancy                   1
   *Animate Skeleton                  Necromancy                   1
   *Lethal Infusion                   Charms/Necromancy            2
   *Vampiric Draining                 Necromancy                   3
   Regeneration                       Charms/Necromancy            3
   Animate Dead                       Necromancy                   4
   Control Undead                     Necromancy                   4


   Skills:
 - Level 2.1 Dodging
 - Level 2.4 Stealth
 - Level 1.0 Spellcasting
 * Level 8.8 Necromancy


You couldn't memorise any spells.
You knew the following spells:

 Your Spells              Type           Power        Failure   Level  Hunger
a - Pain                  Necr           ####         1%          1    ##.....
b - Vampiric Draining     Necr           ####......   1%          3    ####...
c - Animate Skeleton      Necr           N/A          1%          1    ##.....
d - Lethal Infusion       Chrm/Necr      ###.......   6%          2    ###....


Dungeon Overview and Level Annotations

Branches:
Dungeon (4/27)             Temple (1/1) D:4

Altars:
Ashenzari
Cheibriados
Elyvilon
Makhleb
Nemelex Xobeh
Okawaru
Sif Muna
Vehumet
Xom
Yredelemnul
Zin
the Shining One


Innate Abilities, Weirdness & Mutations

You are resistant to damage.
You can recharge devices by infusing magical energy.
You passively map a small area around you.
You do not heal naturally.


Message History

Confirm with . or Enter, or press ? or * to list all spells.
Aiming: Pain
Press: ? - help, Shift-Dir - straight line, f - orc priest
Aim: an orc priest, wielding an orcish flail and wearing an orcish scale mail The orc priest convulses in agony!
The orc priest hits you with an orcish flail.
Casting: Pain
Confirm with . or Enter, or press ? or * to list all spells.
Aiming: Pain
Press: ? - help, Shift-Dir - straight line, f/p - orc priest
Aim: an orc priest, wielding an orcish flail and wearing an orcish scale mail (severely wounded)
The orc priest resists.
The orc priest calls down the wrath of Beogh upon you.
Something smites you!
* * * LOW HITPOINT WARNING * * *
You barely miss the orc priest.
The orc priest is severely wounded.
The orc priest mumbles some strange prayers to Beogh against you.
Pain shoots through your body!
You die...

......#
#....g.##.......#
#######
#......##.......#
#......##.......#
#.....###.......#
###g#####.......#* ,*
#.............#*
#.#####g##.#### ,*
#.#........# * ,
###@###.##.# ** *
*#♣o♣##.##.### *
##♣♣o♣♣#......# ,
....o.).....#.##.# **
,
##♣♣o♣♣#o##........,,
*#♣.♣##....#.## * * *
#.# #.##># # # ,
.....# ####.# #
......### ##.## #


You could see a gnoll shaman, an orc priest and 3 orcs.

Vanquished Creatures
  2 hounds (D:4)
  3 orc wizards (D:4)
  A worker ant (D:4)
  An iguana (D:4)
  Ijyb (D:2)
  Jessica (D:2)
  2 gnolls (D:4)
  8 adders
  2 worms
  6 giant geckos
  4 oozes
  7 orcs
  A giant cockroach (D:1)
  8 goblins
  7 hobgoblins
  3 quokkas
  3 ball pythons
  9 bats
  9 giant newts
  7 kobolds
  A kobold zombie (D:3)
  9 rats
95 creatures vanquished.

Notes
Turn   | Place    | Note
--------------------------------------------------------------
     0 | D:1      | LostMyPasswordAgain, the Deep Dwarf Necromancer, began the quest for the Orb.
     0 | D:1      | Reached XP level 1. HP: 15/15 MP: 3/3
   317 | D:1      | Reached XP level 2. HP: 19/22 MP: 0/4
   422 | D:1      | Reached skill level 5 in Necromancy
  1036 | D:2      | Reached XP level 3. HP: 24/28 MP: 2/5
  1041 | D:2      | Learned a level 3 spell: Vampiric Draining
  1591 | D:2      | Noticed Ijyb
  1662 | D:2      | Killed Ijyb
  1662 | D:2      | Reached skill level 6 in Necromancy
  1662 | D:2      | Reached XP level 4. HP: 24/36 MP: 0/7
  2063 | D:2      | Found a sparkling altar of Nemelex Xobeh.
  2267 | D:2      | Noticed Jessica
  2271 | D:2      | Killed Jessica
  2271 | D:2      | Reached skill level 7 in Necromancy
  2271 | D:2      | Reached XP level 5. HP: 32/42 MP: 3/8
  3951 | D:4      | Reached skill level 8 in Necromancy
  3951 | D:4      | Reached XP level 6. HP: 31/49 MP: 1/9
  4236 | D:4      | Learned a level 1 spell: Animate Skeleton
  4239 | D:4      | Learned a level 2 spell: Lethal Infusion
  4580 | D:4      | Found a staircase to the Ecumenical Temple.
  4590 | Temple   | Entered the Ecumenical Temple
  4594 | Temple   | Became a worshipper of Makhleb the Destroyer
  4678 | D:4      | HP: 2/49 [orc priest/divine providence (14)]
  4679 | D:4      | Killed from afar by an orc priest

Action                   |  1- 3 |  4- 6 || total
-------------------------+-------+-------++-------
Melee: Unarmed           |     1 |       ||     1
       Mace              |    37 |    10 ||    47
       Hand axe          |       |    35 ||    35
 Cast: Pain              |    61 |    93 ||   154
       Vampiric Draining |     7 |    28 ||    35
Evoke: Wand              |       |     3 ||     3
 Stab: Paralysed         |       |     4 ||     4
